 Dungeon Crawl Stone Soup version 0.26.0-15-gc6cd9f700b (webtiles) character file.

Game seed: 17679562664302670728

490 ythm the Ruffian (level 6, -1/55 HPs)
             Began as a Troll Hunter on Jan 15, 2021.
             Killed from afar by an orc wizard (7 damage)
             ... with a puff of flame
             ... on level 4 of the Dungeon.
             The game lasted 00:04:31 (2985 turns).

ythm the Ruffian (Troll Hunter)                     Turns: 2985, Time: 00:04:31

Health: -1/55      AC:  6    Str: 21    XL:     6   Next: 90%
Magic:  5/5        EV: 10    Int:  7    God:
Gold:   257        SH:  5    Dex: 12    Spells: 5/5 levels left

rFire    . . .     SeeInvis .     - Unarmed
rCold    . . .     Faith    .   (no shield)
rNeg     . . .     Spirit   .   b - +0 robe
rPois    +         Reflect  +   (helmet restricted)
rElec    .         Harm     .   (no cloak)
rCorr    .         Rampage  .   (gloves unavailable)
Will     .....                  (boots unavailable)
Stlth    +.........             n - amulet of reflection
HPRegen  0.58/turn              h - ring of poison resistance
MPRegen  0.09/turn              (no ring)

@: no status effects
A: large, unfitting armour, claws 3, regeneration 1, shaggy fur 1, tough skin 3
a: no special abilities


You were on level 4 of the Dungeon.
You visited 2 branches of the dungeon, and saw 6 of its levels.
You also visited: Sewer.

You collected 257 gold pieces.

Inventory:

Missiles
 c - 5 large rocks (quivered)
 d - 2 throwing nets
 l - 26 poisoned darts
Armour
 b - a +0 robe (worn)
Jewellery
 h - a ring of poison resistance (left claw)
 j - an uncursed ring of fire
 n - an amulet of reflection (around neck)
Wands
 o - a wand of iceblast (9)
Scrolls
 a - a scroll of amnesia {unknown}
 e - a scroll of magic mapping {unknown}
 f - 6 scrolls of enchant armour {unknown}
 g - 12 scrolls of identify {unknown}
 i - 3 scrolls of remove curse {unknown}
 m - 2 scrolls of noise {unknown}
 r - a scroll of random uselessness {unknown}
 s - 3 scrolls of enchant weapon {unknown}
 u - a scroll of fog {unknown}
Potions
 k - a potion of berserk rage {unknown}
 p - a potion of magic {unknown}
 q - a potion of mutation {unknown}
 t - a potion of invisibility {unknown}


   Skills:
 - Level 1.5 Fighting
 - Level 3.6 Throwing
 - Level 1.5 Dodging
 - Level 0.3 Stealth
 + Level 7.2 Unarmed Combat


You had 5 spell levels left.
You didn't know any spells.
Your spell library was empty.

Dungeon Overview and Level Annotations

Branches:
Dungeon (5/15)             Temple (1/1) D:4           Sewer (visited)

Altars:
Ashenzari
Elyvilon
Fedhas
Gozag
Hepliaklqana
Kikubaaqudgha
Makhleb
Uskayaw
Vehumet
Zin
The Shining One


Innate Abilities, Weirdness & Mutations

You are too large for most types of armour.
You have claws for hands.
Your natural rate of healing is unusually fast.
You are covered in fur. (AC +1)
You have extremely tough skin. (AC +3)


Message History

Unknown command.
Unknown command.
Unknown command.
You closely miss the orc.
The orc is heavily wounded.
The orc hits you with a +0 club.
* * * LOW HITPOINT WARNING * * *
You claw the orc!
You kill the orc!
You scratch the orc wizard but do no damage.
The orc wizard is severely wounded.
The orc wizard hits you with a +0 dagger.
* * * LOW HITPOINT WARNING * * *
You closely miss the orc wizard.
The orc wizard is severely wounded.
You closely miss the orc wizard.
The orc wizard is severely wounded.
The orc wizard gestures at you while chanting.
The puff of flame hits you!
You die...

##### #### #≈.≈#####≈≈###
#..≈≈≈≈≈≈≈...# #.≈≈≈≈≈≈≈....#
##≈≈.####...## #≈≈##......#
#≈≈#...###.# #####
#≈≈#...###.###### #....
###≈≈#.........@oo# #....
##≈≈....###...###)##########....
##≈.....# #...###.>.............
###.....# ###......#......##....
#..#### #...<..'......##....
#### ####.####.#..[...##....
#.........#......##....
#..)......+......##....
#....####.#......##....


You could see an orc wizard and an orc.

Vanquished Creatures
  A water moccasin (Sewer)
  A scorpion (D:4)
  A jelly (D:4)
  An orc priest (D:3)
  4 orc wizards
  A worker ant (D:4)
  4 adders
  2 adder skeletons (D:4)
  2 worms (D:4)
  3 dart slugs
  3 leopard geckos
  6 orcs
  14 bats
  3 giant cockroaches
  5 goblins
  6 hobgoblins
  14 jackals
  4 kobolds
  2 quokkas
  2 ball pythons
  3 frilled lizards
  8 rats
90 creatures vanquished.

Notes
Turn   | Place    | Note
-------+----------+-------------------------------------------
     0 | D:1      | ythm the Troll Hunter began the quest for the Orb.
     0 | D:1      | Reached XP level 1. HP: 19/19 MP: 0/0
    40 | D:1      | Reached skill level 1 in Unarmed Combat
    72 | D:1      | Reached XP level 2. HP: 27/27 MP: 1/1
    92 | D:1      | Reached skill level 2 in Unarmed Combat
   275 | D:1      | Reached XP level 3. HP: 33/33 MP: 2/2
   586 | D:2      | Reached skill level 3 in Unarmed Combat
  1002 | D:2      | Found a hide-covered altar of Uskayaw.
  1126 | D:3      | Reached XP level 4. HP: 14/41 MP: 3/3
  1165 | D:3      | Reached skill level 4 in Unarmed Combat
  1319 | D:3      | Reached XP level 5. HP: 44/48 MP: 4/4
  1322 | D:3      | You fall into a shaft and drop 1 floor!
  1373 | D:4      | Found a staircase to the Ecumenical Temple.
  1377 | D:4      | Reached skill level 5 in Unarmed Combat
  1381 | Temple   | Entered the Ecumenical Temple
  1517 | D:4      | Found a glowing golden altar of the Shining One.
  1734 | D:4      | Found a glowing drain.
  1764 | Sewer    | Entered a sewer
  1791 | Sewer    | Noticed a water moccasin
  1811 | Sewer    | Killed a water moccasin
  1812 | Sewer    | Reached skill level 6 in Unarmed Combat
  1812 | Sewer    | Reached XP level 6. HP: 19/55 MP: 5/5
  2843 | D:3      | Reached skill level 7 in Unarmed Combat
  2958 | D:5      | Entered Level 5 of the Dungeon
  2963 | D:5      | Noticed a sky beast
  2985 | D:4      | Killed from afar by an orc wizard

Illustrated notes

Levels and vault maps discovered:
D:1:      zaba_arrival_water, layout_loops_ring, minmay_distorted
D:2:      layout_rooms, general_overflow_altar, kennysheep_generic_room_14
D:3:      layout_basic
D:4:      layout_basic, kennysheep_mini_moat,
          minmay_temple_entry_drinking_statues, cheibrodos_sewer_entry_bend
D:5:      layout_cave_pools, serial_shops, shop_fountains
Temple:   jpeg_temple_island

Skill      XL: |  1  2  3  4  5  6 |
---------------+-------------------+-----
Unarmed Combat | 1 2 3 4 6 7 |  7.2
Fighting       | |  1.5
Throwing       | |  3.6
Dodging        | |  1.5
Stealth        | |  0.3

Action                   |  1- 3 |  4- 6 || total
-------------------------+-------+-------++-------
Melee: Unarmed           |   101 |   140 ||   241
       Short sword       |     2 |       ||     2
       Punch             |     3 |     4 ||     7
  Use: Potion            |       |     5 ||     5
 Stab: Sleeping          |     2 |       ||     2
Armor: Robe              |    46 |    59 ||   105
Dodge: Dodged            |    65 |    76 ||   141
Block: Other             |       |     7 ||     7
       Reflection        |       |     1 ||     1
